Map: Apotheosis LE

Players

Crean - Winner!

  • Race: Zerg Zerg
  • League: Platinum

Gracz

  • Race: Terran Terran
  • League: Silver

VOD

Have the link to the VOD?

Description

Time

  • Played on: Oct. 8, 2016, 1:43 p.m.
  • Length: 7:36
Show
View Real Time Build Order
Export as new Build Order

Crean Zerg - Winner!

Build Orders: Pool First 

Get SALT Encoding   

  12  0:04  Drone  
  13  0:13  Overlord  
  13  0:20  Drone  
  14  0:31  Drone x2  
  16  0:43  Spawning Pool  
  16  0:46  Drone  
  16  0:49  Drone  
  17  1:11  Hatchery  
  16  1:13  Drone  
  17  1:20  Overlord  
  17  1:29  Queen  
  19  1:35  Zergling x2, Extractor  
  19  1:38  Zergling x2  
  20  1:42  Zergling x2  
  21  1:57  Drone  
  22  2:06  Drone  
  23  2:09  Queen  
  25  2:31  Drone  
  25  2:33  Drone  
  25  2:36  Hatchery  
  26  2:43  Queen  
  28  2:59  Drone x4  
  32  3:17  Metabolic Boost  
  32  3:18  Evolution Chamber  
  31  3:23  Baneling Nest  
  29  3:30  Drone x4  
  33  3:40  Lair  
  33  3:41  Drone  
  33  3:47  Overlord  
  34  3:52  Overlord  
  34  4:04  Overlord x2  
  34  4:12  Zerg Melee Weapons Level 1  
  33  4:24  Drone x5  
  33  4:25  Drone  
  38  4:33  Drone  
  38  4:34  Drone x4  
  43  4:41  Extractor, Drone  
  43  4:42  Drone x2  
  43  4:43  Extractor  
  44  4:56  Evolution Chamber, Zergling x2  
  44  4:57  Zergling x12  
  50  5:07  Centrifical Hooks  
  50  5:25  Extractor  
  50  5:26  Drone x9  
  50  5:27  Drone x4  
  58  5:45  Zergling x12  
  58  5:46  Zergling x4  
  63  6:03  Overseer  
  63  6:06  Drone x3  
  63  6:09  Overlord x4  
  65  6:31  Zergling x10  
  65  6:32  Zergling x16  
  78  6:36  Baneling x6  
  78  6:37  Baneling x3  
  78  6:49  Spire  
  77  6:59  Zergling x8  
  77  7:00  Zergling x10  
  79  7:15  Baneling  
  79  7:16  Baneling x8  
  91  7:31  Hatchery  
Show
View Real Time Build Order
Export as new Build Order

Gracz Terran 

Build Orders:  

Get SALT Encoding   

  12  0:01  SCV  
  13  0:17  Supply Depot  
  13  0:34  Refinery  
  13  0:41  Barracks  
  13  0:48  Barracks  
  13  1:02  SCV  
  14  1:34  Barracks Tech Lab  
  14  1:38  Supply Depot  
  14  1:43  SCV  
  15  1:54  Barracks Tech Lab  
  15  2:10  Refinery  
  15  2:15  Ghost Academy  
  15  2:23  Ghost Academy  
  15  2:26  SCV  
  16  2:38  SCV  
  17  2:51  SCV  
  18  2:59  Marine x2  
  20  3:44  Personal Cloaking  
  20  3:52  Factory  
  20  3:53  Ghost  
  21  4:19  Marine  
  21  4:21  Marine  
  22  4:37  Ghost  
  24  4:39  Ghost  
  26  4:52  Command Center  
  26  5:05  Nuke  
  26  5:14  Nuke  
  26  5:26  Orbital Command  
  22  6:02  Ghost  
  24  6:13  SCV x2  
  24  6:25  SCV  
  19  7:06  Supply Depot  
  19  7:09  Barracks Tech Lab  
  19  7:10  Supply Depot  
  19  7:15  Factory Tech Lab  
  19  7:20  Starport  
Tags
 
Add a new tag
Caveats
  • Supply blocks, unpowered buildings, or Contaminate may cause inaccurate times.
  • Supply counts are checked every 10 seconds.